 Dungeon Crawl Stone Soup version 0.29.0-4-gdea44cf6ec (webtiles) character file.

Game seed: 15941676102712674056

174 qw the Ruffian (level 5, -3/45 HPs)
             Began as a Ghoul Fire Elementalist on Aug 30, 2022.
             Slain by an ogre
             ... wielding a +0 giant club
              (15 damage)
             ... on level 4 of the Dungeon.
             The game lasted 00:02:55 (3637 turns).

qw the Ruffian (Ghoul Fire Elementalist)            Turns: 3637, Time: 00:02:55

Health: -3/45      AC:  9    Str: 14    XL:     5   Next: 54%
Magic:  0/6        EV:  6    Int: 10    God:
Gold:   153        SH:  0    Dex:  9    Spells: 6/7 levels left

rFire   . . .      SeeInvis .     - Unarmed
rCold   + . .      Faith    .   (no shield)
rNeg    + + +      Spirit   +   g - +0 chain mail
rPois   inf        Reflect  .   (no helmet)
rElec   .          Harm     .   m - +0 cloak
rCorr   .          Rampage  .   (no gloves)
Will    .....                   (no boots)
Stlth   ..........              c - amulet of guardian spirit
HPRegen 0.00/turn               (no ring)
MPRegen 0.10/turn               (no ring)

@: inhibited regen
A: claws 1, cold resistance 1, negative energy resistance 3, inhibited
regeneration, torment resistance 2, devour on kill
a: no special abilities


You were on level 4 of the Dungeon.
You visited 1 branch of the dungeon, and saw 4 of its levels.

You collected 153 gold pieces.


Innate Abilities, Weirdness & Mutations

You are immune to poison.
You have sharp fingernails.
Your flesh is cold resistant. (rC+)
You are immune to negative energy. (rN+++)
You do not regenerate when monsters are visible.
You are immune to unholy pain and torment.
You thrive by killing the living.


   Skills:
 - Level 3.1 Fighting
 - Level 1.0 Armour
 - Level 1.7 Dodging
 - Level 2.1 Stealth
 + Level 4.0 Unarmed Combat
 - Level 1.7 Spellcasting
 - Level 0.7 Conjurations
 - Level 2.4 Fire Magic


You had 6 spell levels left.
You knew the following spells:

 Your Spells              Type           Power      Damage    Failure   Level
a - Foxfire               Conj/Fire      16%        2x1d4     99%         1

Your spell library contained the following spells:

 Spells                   Type           Power      Damage    Failure   Level
 Scorch                   Fire           10%        2d6       99%         2
 Conjure Flame            Conj/Fire      4%         6-21      100%        3
 Inner Flame              Hex/Fire       3%         N/A       100%        3
 Flame Wave               Conj/Fire      4%         2d5       100%        4

Inventory:

Armour
 g - a +0 chain mail (worn)
 m - a +0 cloak (worn)
Jewellery
 c - an amulet of guardian spirit (around neck)
Scrolls
 i - 2 scrolls of identify
 k - a scroll of teleportation
Potions
 b - a potion of haste {unknown}
 d - 3 potions of curing
 f - a potion of lignification {unknown}
 j - 2 potions of heal wounds
 l - a potion of invisibility {unknown}
 n - a potion of ambrosia {unknown}

Dungeon Overview and Level Annotations

Branches:
Dungeon (4/15)
 Temple: D:4-7

Altars:
Nemelex Xobeh

Shops:
D:1 (


Message History

3613 ||| Stepping ~*~*~tactically~*~*~ (stealth).
Found an escape hatch in the floor.
The goblin shouts!
You hear a shout!
Throw: 4 javelins
Press: ? - help, Q - select action Shift-Dir - straight line, f - goblin You throw a javelin.
The javelin barely misses the goblin.
Throw: 3 javelins
Press: ? - help, Q - select action Shift-Dir - straight line, f/p - goblin You throw a javelin.
The javelin pierces through the goblin!
You kill the goblin!
A hobgoblin comes into view.
You scratch the hobgoblin but do no damage.
The hobgoblin hits you.
You claw the hobgoblin!
You kill the hobgoblin!
You feel better.
You now have 153 gold pieces (gained 26).
You see here a hobgoblin corpse.
An ogre comes into view. It is wielding a +0 giant club.
Throw: 2 javelins
Press: ? - help, Q - select action Shift-Dir - straight line, f - ogre You throw a javelin.
The javelin pierces through the ogre.
The ogre is lightly wounded.
Throw: javelin
Press: ? - help, Q - select action Shift-Dir - straight line, f/p - ogre You throw a javelin.
The javelin pierces through the ogre but does no damage.
The ogre is lightly wounded.
You claw the ogre!
The ogre is moderately wounded.
The ogre hits you with a +0 giant club!!
You scratch the ogre.
The ogre is heavily wounded.
The ogre hits you with a +0 giant club!!
You scratch the ogre but do no damage.
The ogre is heavily wounded.
You claw the ogre!
The ogre is severely wounded.
The ogre hits you with a +0 giant club!
You die...

#. #.# # # #.###.# .#
#.#. .>.##.##
#.#.##......
............ #..
#....(# .# #.#
###.....##.# ##.##
#(..@O...#.# #...
#.#..)...%.# #..#
#.#####..### #..#
#.....#..# ##..#######
#.....# #...).....#
#..##.# ##...%..##.#
#..##.# .....#..##.#
#..##.#
#..#.#.....#####.....#


You could see an ogre.

Vanquished Creatures
  A phantom (D:4)
  2 adders (D:2)
  A worm (D:2)
  4 dart slugs
  4 orcs (D:3)
  7 endoplasms
  A giant cockroach (D:2)
  5 goblins
  4 hobgoblins
  4 jackals
  4 quokkas
  8 ball pythons
  5 bats
  3 frilled lizards
  9 kobolds
  4 rats
66 creatures vanquished.

Notes
Turn   | Place    | Note
-------+----------+-------------------------------------------
     0 | D:1      | qw the Ghoul Fire Elementalist began the quest for the Orb.
     0 | D:1      | Reached XP level 1. HP: 14/14 MP: 2/2
     0 | D:1      | 0 ||| qw: Version: 0.1-a-90-g952f4b7
     0 | D:1      | 0 ||| qw: Game counter: 4316
     0 | D:1      | 0 ||| qw: Always use a shield: true
     0 | D:1      | 0 ||| qw: God list: Okawaru
     0 | D:1      | 0 ||| qw: Allow faded altars: false
     0 | D:1      | 0 ||| qw: Do Orc after D:15 true
     0 | D:1      | 0 ||| qw: Do second Lair branch before Depths: true
     0 | D:1      | 0 ||| qw: Lair rune preference: random
     0 | D:1      | 0 ||| qw: Plans: Normal
     0 | D:1      | 0 ||| PLANNING D:1-11
    86 | D:1      | 86 ||| Stepping ~*~*~tactically~*~*~ (hiding).
   188 | D:1      | 188 ||| Stepping ~*~*~tactically~*~*~ (hiding).
   290 | D:1      | 290 ||| Stepping ~*~*~tactically~*~*~ (hiding).
   392 | D:1      | 392 ||| Stepping ~*~*~tactically~*~*~ (hiding).
   404 | D:1      | Reached skill level 1 in Unarmed Combat
   656 | D:1      | Reached skill level 1 in Fighting
   656 | D:1      | Reached XP level 2. HP: 23/23 MP: 3/3
   755 | D:1      | 755 ||| Stepping ~*~*~tactically~*~*~ (stealth).
   757 | D:1      | 757 ||| Stepping ~*~*~tactically~*~*~ (stealth).
   759 | D:1      | 759 ||| Stepping ~*~*~tactically~*~*~ (stealth).
   761 | D:1      | 761 ||| Stepping ~*~*~tactically~*~*~ (stealth).
   763 | D:1      | 763 ||| Stepping ~*~*~tactically~*~*~ (stealth).
   771 | D:1      | 771 ||| Stepping ~*~*~tactically~*~*~ (stealth).
   778 | D:1      | 778 ||| Stepping ~*~*~tactically~*~*~ (stealth).
  1073 | D:1      | Reached skill level 2 in Unarmed Combat
  1085 | D:1      | 1085 ||| Stepping ~*~*~tactically~*~*~ (stealth).
  1086 | D:1      | 1086 ||| Stepping ~*~*~tactically~*~*~ (stealth).
  1158 | D:1      | Found Voed Att's Weapon Shop.
  1173 | D:1      | 1173 ||| Stepping ~*~*~tactically~*~*~ (stealth).
  1195 | D:1      | Reached XP level 3. HP: 23/28 MP: 4/4
  1503 | D:1      | 1503 ||| UPGRADING to +0 leather armour.
  1513 | D:1      | 1513 ||| DROPPING +0 robe.
  1514 | D:1      | 1514 ||| UPGRADING to +0 scale mail.
  1524 | D:1      | 1524 ||| DROPPING +0 leather armour.
  1525 | D:1      | 1525 ||| UPGRADING to +0 chain mail.
  1535 | D:1      | 1535 ||| DROPPING +0 scale mail.
  1536 | D:1      | 1536 ||| UPGRADING to amulet of guardian spirit.
  1541 | D:1      | 1541 ||| READING 2 scrolls labelled BARCHOGAATT.
  1542 | D:1      | 1542 ||| READING scroll labelled WYOLOIRIFU.
  1545 | D:1      | 1545 ||| DRINKING 2 metallic dark potions.
  1546 | D:1      | 1546 ||| DROPPING potion of magic.
  1648 | D:2      | Reached skill level 3 in Unarmed Combat
  1970 | D:2      | 1970 ||| Stepping ~*~*~tactically~*~*~ (outnumbered).
  1971 | D:2      | 1971 ||| Stepping ~*~*~tactically~*~*~ (outnumbered).
  2137 | D:2      | Reached XP level 4. HP: 28/35 MP: 2/5
  2228 | D:2      | Found a sparkling altar of Nemelex Xobeh.
  2468 | D:2      | 2468 ||| UPGRADING to +0 cloak.
  2473 | D:2      | 2473 ||| READING scroll labelled PIFOKL ZESUO.
  2474 | D:2      | 2474 ||| READING scroll labelled YZIRYI FUESA.
  2475 | D:2      | 2475 ||| DRINKING 3 puce potions.
  2476 | D:2      | 2476 ||| DRINKING 2 fuming dark potions.
  2477 | D:2      | 2477 ||| READING 2 scrolls of identify.
  2477 | D:2      | 2477 ||| IDENTIFYING bubbling blue potion
  2478 | D:2      | 2478 ||| DROPPING potion of brilliance.
  2479 | D:2      | 2479 ||| DROPPING potion of attraction.
  2501 | D:3      | 2501 ||| STAIRDANCE
  2625 | D:3      | 2625 ||| Stepping ~*~*~tactically~*~*~ (stealth).
  2629 | D:3      | 2629 ||| Stepping ~*~*~tactically~*~*~ (outnumbered).
  2900 | D:3      | 2900 ||| Stepping ~*~*~tactically~*~*~ (stealth).
  2910 | D:3      | Reached skill level 1 in Armour
  3080 | D:3      | Reached skill level 4 in Unarmed Combat
  3387 | D:3      | 3387 ||| READING scroll labelled NOICIRI PURI.
  3388 | D:3      | 3388 ||| READING scroll labelled WURPHA WAH ZEYV.
  3482 | D:4      | Noticed a phantom
  3484 | D:4      | 3484 ||| Stepping ~*~*~tactically~*~*~ (stealth).
  3493 | D:4      | 3493 ||| Stepping ~*~*~tactically~*~*~ (outnumbered).
  3494 | D:4      | 3494 ||| Stepping ~*~*~tactically~*~*~ (outnumbered).
  3503 | D:4      | Killed a phantom
  3504 | D:4      | Reached skill level 3 in Fighting
  3504 | D:4      | Reached XP level 5. HP: 29/45 MP: 3/6
  3611 | D:4      | 3611 ||| Stepping ~*~*~tactically~*~*~ (stealth).
  3613 | D:4      | 3613 ||| Stepping ~*~*~tactically~*~*~ (stealth).
  3630 | D:4      | Noticed an ogre
  3637 | D:4      | Slain by an ogre

Levels and vault maps discovered:
D:1:      sevenhm_arrival_forest_fort_large_4, layout_rooms, serial_shops, shop
D:2:      layout_basic, basic_altar
D:3:      layout_basic
D:4:      layout_basic, ashenzari_conservatory_becter, nicolae_specific_store,
          minmay_lizard_king

Skill      XL: |  1  2  3  4 |
---------------+-------------+-----
Unarmed Combat | 1 2 3 4 |  4.0
Fighting       | 1 3 |  3.1
Armour         | 1 |  1.0
Dodging        | |  1.7
Stealth        | |  2.1
Spellcasting   | |  1.7
Conjurations   | |  0.7
Fire Magic     | |  2.4

Action                   |  1- 3 |  4- 6 || total
-------------------------+-------+-------++-------
Melee: Unarmed           |   170 |    77 ||   247
       Punch             |     1 |     3 ||     4
Throw: Javelin           |       |    17 ||    17
  Use: Scroll            |     2 |     5 ||     7
       Potion            |     1 |     2 ||     3
Armor: Robe              |    23 |       ||    23
       Chain mail        |    69 |    37 ||   106
Dodge: Dodged            |    60 |    13 ||    73

Table legend:
 A = Non-vault XP
 B = Vault XP
 C = Vault XP percentage of total XP
 D = Non-vault monster count
 E = Vault monster count
 F = Vault count percentage of total count
                 A         B        C        D         E       F
            +---------+---------+-------+---------+---------+-------
      Total |     249 |       0 |   0.0 |      66 |       0 |   0.0
            +---------+---------+-------+---------+---------+-------
        D:1 |      37 |       0 |   0.0 |      23 |       0 |   0.0
        D:2 |      71 |       0 |   0.0 |      25 |       0 |   0.0
        D:3 |      29 |       0 |   0.0 |      12 |       0 |   0.0
        D:4 |     112 |       0 |   0.0 |       6 |       0 |   0.0
            +---------+---------+-------+---------+---------+-------
